Unix NetHack Version 7.0.0 - last build Mar 21 2022 01:42:03 (d8d347d964b310a1d65c52326b9d30ac073ddabd). Game began 2022-04-01 08:38:56, ended 2022-04-01 08:45:34. Rooks, neutral male gnomish Wizard ---------------- ###.....~.........| # |..............| # |............... # ---.------.----- ## #######0## # ## ------- ------##########################-.....| #.*.>.|# ## |.....| ###|....|# # |.....| --------- # |....|# # |.---.| |.......| # |....|# -------.------ |.|.|.| |........#### |..*.|# |....#.......| |.-|-.| |.......|# |.....# |......~.....| #####-.....| | ---------0# ------######.......<.....-## |..@f.- ....| ############ |............| |.....| ---- -------------- ------- Rooks the Evoker St:10 Dx:10 Co:15 In:17 Wi:14 Ch:9 Neutral S:122 Dlvl:1 $:0 HP:0(11) Pw:10(10) AC:9 Xp:1/18 T:309 Latest messages: Wily picks up a rock. Wily drops a rock. Pick an object. Something is written here in the dust. You read: "?d aer?r??m". You hear the footsteps of a guard on patrol. With great effort you move the boulder. You hear someone counting gold coins. Pick an object. You swap places with Wily. You swap places with Wily. The door resists! The door resists! The door resists! The door opens. The door opens. This door is locked. Unlock it with your key? [yn] (n) You succeed in unlocking the door. The door opens. You hear the footsteps of a guard on patrol. You swap places with Wily. # What do you want to adjust? [a-n or ?*] Adjust letter to what [ho-zA-Z] (? see used letters)? Moving: z - a key {3}. You miss the newt. You miss the newt. You bash the newt. The newt bites! Wily bites the newt. The newt is killed! You find a hidden door. This door is locked. Unlock it with your key? [yn] (n) You succeed in unlocking the door. The door opens. You miss the lich. The lich touches you! You're covered in frost! The lich casts a spell! The lich suddenly disappears! It touches you! You're covered in frost! You die... Do you want your possessions identified? [ynq] (y) Do you want to see your attributes? [ynq] (y) Do you want an account of creatures vanquished? [ynaq] (y) Do you want to see your conduct? [ynq] (y) Do you want to see the dungeon overview? [ynq] (y) Major events: Turn 1: Rooks the neutral male gnomish Wizard entered the dungeon 2: killed for the first time 14: hit with a wielded weapon for the first time 123: entered new level 2, The Dungeons of Doom Inventory: Inventory: 265/675 weight (14/52 slots) Weapons m - a cursed -1 cloth sling named c {2} i - a cursed +0 orcish dagger named c {10} a - a blessed +1 quarterstaff (weapon in hands) {40} Armor k - an uncursed +0 wooden orcish helm named !c (being worn) {9} b - an uncursed +0 cloak of magic resistance (being worn) {8} Comestibles g - an uncursed pancake {2} l - an uncursed lichen corpse {20} Scrolls j - an uncursed scroll of taming {5} Spellbooks e - an uncursed spellbook of extra healing {45} c - a blessed spellbook of force bolt {35} d - a blessed spellbook of magic missile {40} f - an uncursed spellbook of remove curse {45} Tools z - an uncursed skeleton key {3} Gems/Stones n - an uncursed worthless piece of orange glass {1} Rooks the Wizard's attributes: Background: You were an Evoker, a level 1 male gnomish Wizard. You were neutral, on a mission for Thoth who was opposed by Ptah (lawful) and Anhur (chaotic). You were heterosexual. You were in the Dungeons of Doom, on level 1. You entered the dungeon 309 turns ago. There was a new moon in effect when your adventure ended. You had 18 experience points, 2 more were needed to attain level 2. Your score was 122 before end-of-game adjustments. Basics: You had 0 out of 11 hit points. You had all 10 energy points (spell power). Your armor class was 9. Your wallet was empty. Autopickup was on for '$?!/%="*' plus thrown, with exceptions. Final Characteristics: Your strength was 10 (limit:18/50). Your dexterity was 10 (limit:18). Your constitution was 15 (limit:18). Your intelligence was 17 (limit:19). Your wisdom was 14 (limit:18). Your charisma was 9 (limit:18). Final Status: You were not hungry. You were unencumbered. You were wielding a quarterstaff. You had basic skill with quarterstaff. Final Attributes: You were stridently aligned. You were magic-protected. You had infravision. You were warded. You are dead. Miscellaneous: You never encountered a bones level. Total elapsed playing time was 4 minutes and 48 seconds. Vanquished creatures: a kobold a goblin 2 grid bugs a lichen 4 newts 9 creatures vanquished. No species were genocided or became extinct. Voluntary challenges: You went without food. You were an atheist. You were illiterate. You never genocided any monsters. You never polymorphed an object. You never changed form. You never touched an artifact. You used no wishes. You never scared an enemy with impunity. You were celibate. You never generated conflict. The Dungeons of Doom: levels 1 to 2 Level 1: <- You were here. A tree. Final resting place for you, killed by an invisible lich. Level 2: Game over: __________ / \ / REST \ / IN \ / PEACE \ / \ | Rooks | | 0 Au | | killed by an | | invisible lich | | | | | | 2022 | *| * * * | * _________)/\\_//(\/(/\)/\//\/|_)_______ Goodbye Rooks the Wizard... You died in The Dungeons of Doom on dungeon level 1 with 122 points, and 0 pieces of gold, after 309 moves. You were level 1 with a maximum of 11 hit points when you died.